 Dungeon Crawl Stone Soup version 0.28-a0-1339-ga5422284a4 (webtiles) character file.

Game seed: 8445515993168622781

229 snetch the Magician (level 6, 0/41 HPs)
             Began as a Djinni Fire Elementalist on Dec 28, 2021.
             Was a Believer of Lugonu.
             Slain by a gnoll (10 damage)
             ... on level 3 of the Dungeon.
             The game lasted 00:07:53 (2553 turns).

snetch the Magician (Djinni Fire Elementalist)      Turns: 2553, Time: 00:07:54

Health: 0/41       AC:  2    Str:  7    XL:     6   Next: 23%
Gold:   103        EV: 12    Int: 19    God:    Lugonu [**....] SH:  0 Dex: 13

rFire   + + .      SeeInvis +   n - +0 falchion
rCold   x . .      Faith    .   (no shield)
rNeg    . . .      Spirit   .   a - +0 robe
rPois   ∞          Reflect  .   (no helmet)
rElec   .          Harm     .   (no cloak)
rCorr   .          Rampage  .   (no gloves)
Will    .....                   (boots unavailable)
Stlth   ++........              (no amulet)
HPRegen 0.13/turn               r - ring of see invisible
MPRegen 0.00/turn               (no ring)

@: flying
A: sickness immunity, fire resistance 2, cold vulnerability 1, float, innate
caster, hp casting, extra vitality 1
a: Renounce Religion, Depart the Abyss, Bend Space


You were on level 3 of the Dungeon.
You worshipped Lugonu.
Lugonu was pleased with you.
You visited 1 branch of the dungeon, and saw 4 of its levels.

You collected 103 gold pieces.

Inventory:

Hand Weapons
 c - a +0 dagger
 e - a +0 short sword
 n - a +0 falchion (weapon)
Missiles
 d - 150 stones
 h - 12 arrows
 i - a throwing net
Armour
 a - a +0 robe (worn)
 f - a +0 chain mail
 m - a +0 scale mail
Jewellery
 r - a ring of see invisible (left hand)
Scrolls
 g - a scroll of enchant armour {unknown}
 j - a scroll of enchant weapon {unknown}
 k - 3 scrolls of teleportation {unknown}
 o - a scroll of summoning {unknown}
 q - a scroll of identify {unknown}
Potions
 b - a potion of magic {unknown}
 l - a potion of degeneration {unknown}
 p - a potion of lignification {unknown}


   Skills:
 + Level 0.6 Fighting
 + Level 2.9 Dodging
 + Level 2.4 Stealth
 + Level 4.4 Spellcasting


You couldn't memorise any spells.
You knew the following spells:

 Your Spells              Type           Power      Damage    Failure   Level
a - Foxfire               Conj/Fire      84%        2x1d8     1%          1
b - Scorch                Fire           42%        2d7       3%          2
c - Conjure Flame         Conj/Fire      21%        6-21      6%          3
d - Inner Flame           Hex/Fire       21%        N/A       6%          3
e - Flame Wave            Conj/Fire      21%        2d6       21%         4
f - Sandblast             Erth           42%        2d11      1%          1
g - Ensorcelled Hibernat  Hex/Ice        42%        N/A       3%          2
Your spell library was empty.

Dungeon Overview and Level Annotations

Branches:
Dungeon (4/15)
 Temple: D:4-7

Altars:
Lugonu


Innate Abilities, Weirdness & Mutations

You are immune to sickness and miasma.
You are immune to poison.
Your flesh is very heat resistant. (rF++)
You are vulnerable to cold. (rC-)
You float through the air rather than walking.
You learn spells naturally, not from books.
Your magical power is your life essence.
You have superior vitality. (+4 MHP)


Message History

The gnoll shaman is heavily wounded.
The gnoll shaman's fire resistance burns away.
The ball python hisses angrily.
The gnoll shaman closely misses you.
Casting: Foxfire (safe; 1% risk of failure)
Press: ? - help, Q - select action, (/) - cycle Dir - look around, f - activate You conjure some foxfire!
The gnoll shaman calls upon its god to heal the gnoll.
The gnoll is healed somewhat.
The gnoll hits you with a +0 whip.
Unknown command.
The foxfire hits the gnoll but does no damage.
The gnoll is heavily wounded.
The foxfire hits the gnoll but does no damage.
The gnoll is heavily wounded.
The gnoll is no longer more vulnerable to fire.
The gnoll shaman calls upon its god to heal the gnoll.
The gnoll is healed somewhat.
Found an escape hatch in the ceiling.
The gnoll shaman is no longer more vulnerable to fire.
An adder comes into view.
The gnoll hits you but does no damage.
You are too injured to fight recklessly!
Casting: Foxfire (safe; 1% risk of failure)
Press: ? - help, Q - select action, (/) - cycle Dir - look around, f - activate You conjure some foxfire!
The adder hisses angrily.
Unknown command.
The foxfire hits the gnoll but does no damage.
The gnoll is lightly wounded.
The foxfire hits the gnoll.
The gnoll is severely wounded.
The gnoll hits you with a +0 whip.
* * * LOW HITPOINT WARNING * * *
Unknown command.
Casting: Foxfire (safe; 1% risk of failure)
Press: ? - help, Q - select action, (/) - cycle Dir - look around, f - activate You conjure some foxfire!
* * * LOW HITPOINT WARNING * * *
The gnoll hits you with a +0 whip!
You die...

# ..#...... .###.
#..#..# .....
#.....#
#..###..>..###.##
#.##.#..............
#.......g.....#####
###.##.#.#...#
#######v##.#.....#
#.....v@gSg.....##
#.#####S##.##...#
#.##.##...#
#.##.##...#
#.##.##...#
#....##...#######
#######.........#
#..######.#
########..#


You could see a gnoll shaman, a gnoll (ally target), an adder (ally target) and
a ball python.

Vanquished Creatures
  Sigmund (D:2)
  2 adders (D:2)
  4 dart slugs
  2 bats
  An endoplasm (D:2)
  2 giant cockroaches (D:2)
  6 hobgoblins
  4 jackals
  2 quokkas (D:1)
  4 ball pythons
  A frilled lizard (D:1)
  4 goblins
  5 kobolds
  5 rats
43 creatures vanquished.

Vanquished Creatures (others)
  144 foxfires
144 creatures vanquished.

Grand Total: 187 creatures vanquished

Notes
Turn   | Place    | Note
-------+----------+-------------------------------------------
     0 | D:1      | snetch the Djinni Fire Elementalist began the quest for the
                  | Orb.
     0 | D:1      | Reached XP level 1. HP: 15/15 MP: 0/0
   240 | D:1      | Reached XP level 2. HP: 12/21 MP: 0/0
   473 | D:2      | Reached skill level 3 in Spellcasting
   473 | D:2      | Reached XP level 3. HP: 21/25 MP: 0/0
   473 | D:2      | Learned a level 1 spell: Sandblast
   943 | D:1      | Found a faded altar of an unknown god.
   950 | D:1      | Prayed at the altar of an unknown god.
   950 | D:1      | Became a worshipper of Lugonu the Unformed
   950 | D:1      | Reached * piety under Lugonu
   950 | D:1      | Reached ** piety under Lugonu
  1184 | D:2      | Reached XP level 4. HP: 22/31 MP: 0/0
  2126 | D:2      | Noticed Sigmund
  2134 | D:2      | Killed Sigmund
  2135 | D:2      | Reached skill level 4 in Spellcasting
  2135 | D:2      | Reached XP level 5. HP: 10/36 MP: 0/0
  2135 | D:2      | Learned a level 2 spell: Ensorcelled Hibernation
  2135 | D:2      | Reached XP level 6. HP: 12/41 MP: 0/0
  2553 | D:3      | Slain by a gnoll

Illustrated notes

Levels and vault maps discovered:
D:1:      evilmike_arrival_plus, layout_basic,
          shapermc_ecumenical_altar_mp_highgroup
D:2:      layout_basic, uniq_sigmund
D:3:      layout_loops_ring, grunt_temple_overflow_open, uniq_natasha,
          uniq_robin
D:4:      layout_rooms

Skill      XL: |  1  2  3  4 |
---------------+-------------+-----
Spellcasting   | 3 4 |  4.4
Stealth        | 2 |  2.4
Fighting       | |  0.6
Dodging        | |  2.9

Action                   |  1- 3 |  4- 6 || total
-------------------------+-------+-------++-------
Melee: Dagger            |     3 |       ||     3
 Cast: Foxfire           |    53 |    34 ||    87
       Scorch            |     2 |     7 ||     9
       Ensorcelled Hiber |       |     1 ||     1
Armor: Robe              |     1 |     3 ||     4
Dodge: Dodged            |    25 |     8 ||    33

Table legend: (Time is in decaauts)
 A = Elapsed time spent in this place.
 B = Non-inter-level travel time spent in this place.
 C = Inter-level travel time spent in this place.
 D = Time resting spent in this place.
 E = Time spent auto-exploring this place.
 F = Levels seen in this place.
 G = Mean time per level.
                   A        B        C        D        E       F      G
               +--------+--------+--------+--------+--------+-----+--------+
         Total |   2559 |   2438 |    121 |    242 |   1638 |   4 |  639.8 |
       Dungeon |   2559 |   2438 |    121 |    242 |   1638 |   4 |  639.8 |
               +--------+--------+--------+--------+--------+-----+--------+

Top non-repeatable levels by time:
     D:1: 1421 daAuts
     D:2: 1063 daAuts
     D:3: 72 daAuts
     D:4: 2 daAuts
